 Dungeon Crawl Stone Soup version 0.29.1-1-gd02db69 (webtiles) character file.

Game seed: 6641344744699183561

744 Timinator the Insei (level 7, -3/56 HPs)
             Began as a Demigod Transmuter on Jan 16, 2023.
             Slain by an orc warrior
             ... wielding a +0 dire flail
              (21 damage)
             ... on level 7 of the Dungeon.
             The game lasted 00:10:53 (3770 turns).

Timinator the Insei (Demigod Transmuter)            Turns: 3770, Time: 00:10:55

Health: -3/56      AC:  5    Str: 15    XL:     7   Next: 23%
Magic:  14/14      EV: 13    Int: 15    God:
Gold:   154        SH:  0    Dex: 18    Spells: 11/12 levels left

rFire   . . .      SeeInvis .     - Unarmed
rCold   . . .      Faith    .   (no shield)
rNeg    . . .      Spirit   .   n - +0 leather armour
rPois   .          Reflect  .   (helmet currently unavailable)
rElec   .          Harm     .   e - +0 cloak
rCorr   .          Rampage  .   c - +0 pair of gloves
Will    .....                   (boots currently unavailable)
Stlth   +.........              (no amulet)
HPRegen 0.18/turn               (no ring)
MPRegen 0.14/turn               (no ring)

@: appendages
A: horns 2, talons 2, high MP 1, forlorn, divine attributes
a: End Transformation


You were on level 7 of the Dungeon.
You had temporarily grown beastly horns and talons.
You visited 1 branch of the dungeon, and saw 5 of its levels.

You collected 154 gold pieces.

Inventory:

Armour
 c - a +0 pair of gloves (worn)
 e - a +0 cloak (worn)
 g - a +0 ring mail
 n - a +0 leather armour (worn)
 p - a +2 hat (melded)
Wands
 k - a wand of roots (11)
Scrolls
 a - 3 scrolls of immolation {unknown}
 d - 3 scrolls of identify {unknown}
 h - a scroll of enchant armour {unknown}
 i - 2 scrolls of noise {unknown}
 l - a scroll of silence {unknown}
 m - a scroll of magic mapping {unknown}
 o - a scroll of vulnerability {unknown}
 r - a scroll of fog {unknown}
Potions
 b - a potion of lignification
 f - 3 potions of curing {unknown}
 j - a potion of heal wounds
 q - 2 potions of mutation {unknown}


   Skills:
 + Level 2.9 Fighting
 + Level 2.5 Armour
 + Level 3.3 Dodging
 * Level 4.8 Unarmed Combat
 - Level 3.0 Spellcasting
 + Level 3.2 Transmutations


You had 11 spell levels left.
You knew the following spells:

 Your Spells              Type           Power      Damage    Failure   Level
a - Beastly Appendage     Tmut           24%        N/A       6%          1

Your spell library contained the following spells:

 Spells                   Type           Power      Damage    Failure   Level
 Wereblood                Tmut           12%        N/A       10%         2
 Passwall                 Tmut/Erth      5%         N/A       19%         2
 Necrotise                Necr           8%         1d4       24%         1
 Sandblast                Erth           4%         2d4       24%         1
 Spider Form              Tmut/Pois      7%         N/A       36%         3
 Call Canine Familiar     Summ           2%         N/A       58%         3
 Confusing Touch          Hex            2%         N/A       58%         3
 Gell's Gravitas          Tloc           2%         N/A       58%         3
 Lesser Beckoning         Tloc           2%         N/A       58%         3
 Portal Projectile        Hex/Tloc       4%         N/A       58%         3
 Stone Arrow              Conj/Erth      4%         3d7       58%         3
 Teleport Other           Tloc           2%         N/A       58%         3
 Vampiric Draining        Necr           2%         2d6       58%         3
 Ice Form                 Ice/Tmut       7%         N/A       77%         4
 Leda's Liquefaction      Hex/Erth       1%         N/A       94%         4
 Yara's Violent Unravell  Hex/Tmut       3%         3d4       98%         5
 Agony                    Necr           2%         N/A       100%        5
 Dispersal                Tloc           1%         N/A       100%        6
 Enfeeble                 Hex            1%         N/A       100%        7


Dungeon Overview and Level Annotations

Branches:
Dungeon (4/15)
 Temple: D:4-7


Innate Abilities, Weirdness & Mutations

You have temporarily grown beastly horns and talons.
You have an increased reservoir of magic. (+10% MP)
You shall have no god before yourself.
Your divine heritage dramatically boosts your attributes as you level up.


Message History

Casting: Beastly Appendage (safe; 6% risk of failure)
Confirm with . or Enter, or press ? or * to list all spells.
You don't know that spell.
You hit the orc. You claw the orc.
You kill the orc!
An orc wizard comes into view. It is wielding a +0 dagger.
You barely miss the orc priest. You claw the orc priest.
The orc priest is moderately wounded.
The orc priest hits you but does no damage.
You barely miss the orc priest.
The orc priest is moderately wounded.
You hit the orc warrior but do no damage.
You claw the orc warrior, but do no damage.
Your headbutt misses the orc warrior. You hit the orc warrior.
The orc warrior is lightly wounded.
The orc warrior hits you with a +0 dire flail!
An orc warrior comes into view. It is wielding a +0 glaive.
You hit the orc warrior but do no damage.
Your kick misses the orc warrior.
The orc warrior is lightly wounded.
The orc warrior closely misses you.
You barely miss the orc warrior. Your kick misses the orc warrior.
Your headbutt misses the orc warrior.
The orc warrior is lightly wounded.
The orc warrior barely misses you. The orc warrior misses you.
You hit the orc warrior.
You headbutt the orc warrior, but do no damage.
The orc warrior is lightly wounded.
The orc warrior closely misses you.
The orc warrior hits you with a +0 dire flail.
An orc comes into view. It is wielding a +0 short sword.
The orc priest calls upon Beogh to heal the orc warrior.
The orc warrior's wounds heal themselves!
The orc shouts!
Really quaff the potion of lignification?
Okay, then.
The orc warrior attacks as you move away!
The orc warrior hits you with a +0 dire flail!!
You die...

#.# ##.## ##...##
#...#.# #..#.## # #
#.#.## # ####.###.### #
#. #........# ##
#####.########@#####..#
#. ...........o##o#
#..## #. #......o)..#
#...# #.
#..$..####o##o# #...#
######
#.###>####o##.#####...#
#....#
#.................#
#.####
#o####.#########..# #.#
.> #.# ##..###.#### ##
#.########...........


You could see an orc warrior and an orc.

Vanquished Creatures
  2 centaurs (D:7)
  4 bullfrogs (D:7)
  A wight (D:7)
  A hound (D:7)
  An orc priest (D:7)
  A jelly (D:7)
  Terence (D:2)
  3 orc wizards (D:7)
  4 adders
  A white imp (D:7)
  A dart slug (D:1)
  A worm (D:2)
  2 orcs (D:7)
  6 endoplasms
  3 giant cockroaches
  4 goblins
  4 hobgoblins
  4 kobolds
  6 quokkas
  7 ball pythons
  6 bats
  2 frilled lizards
  4 rats
69 creatures vanquished.

Notes
Turn   | Place    | Note
-------+----------+-------------------------------------------
     0 | D:1      | Timinator the Demigod Transmuter began the quest for the
                  | Orb.
     0 | D:1      | Reached XP level 1. HP: 15/15 MP: 5/5
   170 | D:1      | Reached skill level 1 in Fighting
   252 | D:1      | Reached XP level 2. HP: 23/23 MP: 5/7
   611 | D:1      | Reached skill level 3 in Unarmed Combat
   807 | D:2      | Identified the +5 falchion "Loac" {flame, rElec}
   924 | D:2      | Noticed Terence
   931 | D:2      | Killed Terence
   932 | D:2      | Reached XP level 3. HP: 10/28 MP: 7/9
  1723 | D:3      | Reached skill level 1 in Armour
  1723 | D:3      | Reached XP level 4. HP: 31/35 MP: 8/10
  2816 | D:4      | You fall into a shaft and drop 3 floors!
  2872 | D:7      | Noticed a centaur
  2873 | D:7      | Noticed a bullfrog
  2873 | D:7      | Noticed a centaur
  2884 | D:7      | Killed a bullfrog
  2885 | D:7      | Reached XP level 5. HP: 21/41 MP: 10/12
  2892 | D:7      | Killed a centaur
  2899 | D:7      | Killed a centaur
  2900 | D:7      | Reached skill level 4 in Unarmed Combat
  2900 | D:7      | Reached XP level 6. HP: 36/48 MP: 13/13
  3384 | D:7      | Reached XP level 7. HP: 46/56 MP: 14/14
  3770 | D:7      | Slain by an orc warrior

Illustrated notes

Levels and vault maps discovered:
D:1:      co_arrival_random_square_maze, layout_rooms,
          hellmonk_ecumenical_altar_run_dry
D:2:      layout_basic, uniq_terence
D:3:      minmay_skewed_foursquare, layout_basic,
          mainiacjoe_overflow_small_starburst
D:4:      layout_layer_cave, uniq_duvessa, uniq_eustachio
D:7:      layout_loops_ring, amcnicky_mini_pool_medium, uniq_crazy_yiuf_cottage

Skill      XL: |  1  2  3  4  5  6 |
---------------+-------------------+-----
Fighting       | 1 2 |  2.9
Spellcasting   | 2 3 |  3.0
Dodging        | 2 3 |  3.3
Unarmed Combat | 3 4 |  4.8
Transmutations | 2 3 |  3.2
Armour         | 1 2 |  2.5

Action                   |  1- 3 |  4- 6 |  7- 9 || total
-------------------------+-------+-------+-------++-------
Melee: Unarmed           |    85 |   112 |    22 ||   219
       Kick              |    18 |    15 |     3 ||    36
       Headbutt          |    12 |    17 |     1 ||    30
 Cast: Beastly Appendage |    27 |    10 |     1 ||    38
 Abil: End Transformatio |       |     1 |       ||     1
  Use: Potion            |       |     2 |       ||     2
 Stab: Sleeping          |     4 |     1 |       ||     5
Armor: Robe              |    19 |       |       ||    19
       Leather armour    |     4 |    36 |     7 ||    47
       Skin              |       |    21 |       ||    21
Dodge: Dodged            |    50 |    52 |    16 ||   118
